 Dungeon Crawl Stone Soup version 0.29.1-13-g9f3cf754e1 (webtiles) character file.

Game seed: 16827731755992434231

2804 hawla the Frost Mage (level 10, -1/72 HPs)
             Began as a Meteoran Ice Elementalist on Jan 25, 2023.
             Was a Believer of Vehumet.
             Slain by an ice beast (3 damage)
             ... on level 8 of the Dungeon.
             The game lasted 00:10:37 (1689 turns).

hawla the Frost Mage (Meteoran Ice Elementalist)    Turns: 1689, Time: 00:10:37

Health: -1/72      AC:  4    Str: 10    XL:     10   Next: 22%
Magic:  12/21      EV: 13    Int: 22    God:    Vehumet [**....]
Gold:   167        SH:  0    Dex: 14    Spells: 17/25 levels left

rFire   . . .      SeeInvis .   i - +11 quarterstaff "Leum" {pain, *Slow rElec rPois rCorr}
rCold   . . .      Faith    .   (shield currently unavailable)
rNeg    . . .      Spirit   .   a - +1 robe
rPois   +          Reflect  .   (no helmet)
rElec   +          Harm     .   j - +0 cloak
rCorr   +          Rampage  .   (no gloves)
Will    ++...                   (no boots)
Stlth   +.........              (no amulet)
HPRegen 0.22/turn               (no ring)
MPRegen 0.17/turn               (no ring)

@: freezing walls, glowing
A: sense surroundings 2, otherworldly, glowing, explore regen, low MP 1,
strong-willed 1
a: Renounce Religion


You were on level 8 of the Dungeon.
You worshipped Vehumet.
Vehumet was pleased with you.
You visited 2 branches of the dungeon, and saw 9 of its levels.

You collected 167 gold pieces.

Inventory:

Hand Weapons
 e - the +6 war axe of Heklaej {venom, rElec rC+}
   (You found it on level 8 of the Dungeon)

   It poisons the flesh of those it strikes.
   rC:        It protects you from cold.
   rElec:     It insulates you from electricity.
 i - the +11 quarterstaff "Leum" (weapon) {pain, *Slow rElec rPois rCorr}
   (You found it on level 7 of the Dungeon)

   In the hands of one skilled in necromantic magic, it inflicts extra damage on
   living creatures.
   rElec:     It insulates you from electricity.
   rPois:     It protects you from poison.
   rCorr:     It protects you from acid and corrosion.
   *Slow:     It may slow you when you take damage.
Armour
 a - a +1 robe (worn)
 j - a +0 cloak (worn)
Wands
 d - a wand of polymorph (6)
Scrolls
 b - 3 scrolls of amnesia
Potions
 c - a potion of brilliance {unknown}
 f - a potion of berserk rage {unknown}
 g - 3 potions of curing
 h - a potion of haste {unknown}
 k - a potion of flight {unknown}
 l - a potion of lignification


   Skills:
 + Level 1.5 Fighting
 + Level 3.8 Dodging
 - Level 1.4 Stealth
 + Level 8.4 Spellcasting
 + Level 8.1 Conjurations
 + Level 3.0 Necromancy
 + Level 8.9 Ice Magic
 + Level 3.5 Evocations


You had 17 spell levels left.
You knew the following spells:

 Your Spells              Type           Power      Damage    Failure   Level
a - Freeze                Ice            100%       1d11      1%          1
b - Frozen Ramparts       Ice            96%        1d15      1%          3
c - Hailstorm             Conj/Ice       46%        3d11      1%          4

Your spell library contained the following spells:

 Spells                   Type           Power      Damage    Failure   Level
 Static Discharge         Conj/Air       27%        3-7/arc   1%          2
 Ensorcelled Hibernation  Hex/Ice        58%        N/A       1%          2
 Ozocubu's Armour         Ice            48%        N/A       1%          3
 Dazzling Flash           Conj/Hex       54%        N/A       4%          3
 Blink                    Tloc           18%        N/A       11%         2
 Passwall                 Tmut/Erth      7%         N/A       11%         2
 Gell's Gravitas          Tloc           9%         N/A       22%         3
 Lesser Beckoning         Tloc           9%         N/A       22%         3
 Swiftness                Air            9%         N/A       22%         3
 Teleport Other           Tloc           9%         N/A       22%         3
 Agony                    Necr           22%        N/A       50%         5
 Manifold Assault         Tloc           9%         N/A       89%         5
 Silence                  Hex/Air        4%         N/A       89%         5
 Dispersal                Tloc           4%         N/A       100%        6


Dungeon Overview and Level Annotations

Branches:
Dungeon (8/15) Zot: 3118   Temple (1/1) D:4 Zot: 589
   Lair: D:8-11

Altars:
Cheibriados
Dithmenos
Trog
Uskayaw
Vehumet
Xom

Shops:
D:2 (   D:3 [


Innate Abilities, Weirdness & Mutations

You passively map the area around you.
You are easily found by Zot.
You glow in the dark.
You regain HP and MP as you explore.
Your magical capacity is low. (-10% MP)
You are strong-willed. (Will+)


Message History

You sock the wight!
You destroy the wight!
Vehumet accepts your kill.
You feel your power returning.
The wall freezes the steam dragon but does no damage.
The wall freezes the steam dragon!
The steam dragon bites you. The steam dragon closely misses you.
The ice beast completely resists.
The wall freezes the ice beast but does no damage.
You thump the steam dragon!
The steam dragon is severely wounded.
The ice beast completely resists.
The wall freezes the ice beast but does no damage.
The ice beast hits you. The ice beast freezes you!
The wall freezes the steam dragon but does no damage.
The steam dragon bites you! The steam dragon closely misses you.
Aiming: Polymorph
Press: ? - help, Shift-Dir - straight line, f - ice beast
Aim: an ice beast (will become a water moccasin, an acid dragon, or a golden eye, chance to affect: 58%)
The ice beast resists with significant effort.
The ice beast completely resists.
The wall freezes the ice beast but does no damage.
The ice beast barely misses you.
The wall freezes the steam dragon.
The steam dragon breathes steam at you. The ball of steam hits you!
* * * LOW HITPOINT WARNING * * *
Unknown command.
Casting: Freeze (safe; 1% risk of failure)
Confirm with . or Enter, or press ? or * to list all spells.
Aiming: Freeze (safe; 1% risk of failure)
Press: ? - help, Shift-Dir - straight line, f - steam dragon, p - ice beast
Aim: a steam dragon (almost dead, catching its breath)
You freeze the steam dragon.
You kill the steam dragon!
Vehumet accepts your kill.
You are engulfed in a cloud of scalding steam.
* * * LOW HITPOINT WARNING * * *
The ice beast completely resists.
The wall freezes the ice beast but does no damage.
The ice beast hits you.
You die...

#.# * *** **
* #.# ** , ,
, #.# , , *
#.# * ##++#**
#.# *,..... ,
** #.#
*$...,( ,
#.#####.?♣..♣
* * **
#.....Y......
+ , ,,
#####@)).....
* #.#..♣..♣
#.# .(.. #.#
,...., #.# *
++# #.., ###
*


You could see an ice beast.

Vanquished Creatures
  Pikel (D:4)
  2 trolls
  A wyvern (D:8)
  2 steam dragons (D:8)
  A sky beast (D:6)
  2 black bears
  A centaur (D:8)
  A lemure (D:4)
  A phantom (D:4)
  2 gnoll sergeants
  2 bullfrogs
  3 scorpions
  4 wights (D:8)
  An electric eel (D:7)
  3 hounds
  2 orc priests
  2 gnoll boudas (D:7)
  5 iguanas
  An orc wizard (D:8)
  16 gnolls
  An adder (D:2)
  A white imp (D:6)
  An ufetubus (D:4)
  17 orcs
  An endoplasm (D:2)
  A giant cockroach (D:4)
  2 hobgoblins (D:2)
  3 jackals (D:7)
  A kobold (D:2)
  A quokka (D:1)
  A ball python (D:1)
  2 rats
85 creatures vanquished.

Notes
Turn   | Place    | Note
-------+----------+-------------------------------------------
     0 | D:1      | hawla the Meteoran Ice Elementalist began the quest for the
                  | Orb.
     0 | D:1      | Reached XP level 1. HP: 14/14 MP: 5/5
   121 | D:2      | Found Jiwy's Weapon Shoppe.
   123 | D:2      | Reached XP level 2. HP: 20/20 MP: 4/6
   204 | D:2      | Reached XP level 3. HP: 24/26 MP: 0/8
   227 | D:3      | Gained mutation: Your magical capacity is low. (-10% MP)
                  | [potion of mutation]
   227 | D:3      | Gained mutation: You are strong-willed. (Will+) [potion of
                  | mutation]
   240 | D:3      | Found Jawajona's Antique Armour Shop.
   263 | D:4      | Noticed a scorpion
   266 | D:4      | Killed a scorpion
   267 | D:4      | Reached skill level 5 in Ice Magic
   267 | D:4      | Reached XP level 4. HP: 22/34 MP: 4/9
   271 | D:4      | Learned a level 3 spell: Frozen Ramparts
   282 | D:4      | Noticed a lemure
   283 | D:4      | Noticed Pikel
   284 | D:4      | Noticed a lemure
   284 | D:4      | Noticed a lemure
   285 | D:4      | Noticed a lemure
   289 | D:4      | Killed a lemure
   296 | D:4      | Killed Pikel
   297 | D:4      | Reached skill level 1 in Fighting
   297 | D:4      | Reached skill level 5 in Spellcasting
   297 | D:4      | Reached XP level 5. HP: 11/40 MP: 4/12
   297 | D:4      | Reached XP level 6. HP: 13/47 MP: 4/14
   297 | D:4      | Reached XP level 7. HP: 15/52 MP: 4/15
   369 | D:4      | Found a staircase to the Ecumenical Temple.
   393 | Temple   | Entered the Ecumenical Temple
   398 | Temple   | Became a worshipper of Vehumet
   418 | D:4      | Reached XP level 8. HP: 33/59 MP: 9/16
   459 | D:5      | Entered Level 5 of the Dungeon
   539 | D:6      | Learned a level 4 spell: Hailstorm
   558 | D:7      | Reached skill level 1 in Conjurations
   650 | D:6      | Gained mutation: You passively map the area around you.
                  | [Meteoran growth]
   650 | D:6      | Reached XP level 9. HP: 18/64 MP: 6/18
   651 | D:6      | Reached * piety under Vehumet
   651 | D:6      | Offered knowledge of Magic Dart by Vehumet.
   894 | D:6      | Reached skill level 5 in Conjurations
  1048 | D:6      | Noticed a troll
  1056 | D:6      | Killed a troll
  1084 | D:7      | Found a hide-covered altar of Uskayaw.
  1107 | D:7      | Identified the +11 quarterstaff "Leum" {pain, *Slow rElec
                  | rPois rCorr}
  1158 | D:8      | Found a shadowy altar of Dithmenos.
  1210 | D:8      | Noticed a troll
  1213 | D:8      | Killed a troll
  1219 | D:8      | Identified the +6 war axe of Heklaej {venom, rElec rC+}
  1225 | D:8      | Offered knowledge of Static Discharge by Vehumet.
  1269 | D:8      | Found a bloodstained altar of Trog.
  1518 | D:8      | Reached XP level 10. HP: 61/72 MP: 15/20
  1592 | D:8      | Reached ** piety under Vehumet
  1689 | D:8      | HP: 2/72 [something (12)]
  1689 | D:8      | Slain by an ice beast

Illustrated notes

Levels and vault maps discovered:
D:1:      psy_arrival_terrarium, layout_loops_ring, serial_shops,
          nicolae_shop_stone
D:2:      layout_basic, serial_shops, shop,
          chequers_ecumenical_altar_simple_redux, guppyfry_early_lair_pool,
          uniq_crazy_yiuf_cottage, uniq_sigmund
D:3:      layout_loops_corners, serial_shops, nicolae_shop_advertising_works
          [nicolae_subvault_shop_adworks], kennysheep_generic_room_3
D:4:      minmay_bubble_buster, layout_basic, minmay_temple_entry_ruins,
          minmay_misc_feat_room, minmay_misc_feat_iff, uniq_eustachio,
          uniq_duvessa, uniq_pikel
D:5:      layout_rooms, serial_shops, shop, grunt_ministairs_13,
          minmay_pentangle
D:6:      layout_basic, gammafunk_temple_overflow_wave,
          nzn_wu_jian_council_hall, minmay_misc_feat_nine_boxes
D:7:      layout_cave_pools, eat_drink_and_be_merry_uskayaw, serial_gnoll_camp,
          gnoll_camp_mini_hut, gnoll_camp_huts_moat, gnoll_camp_mini_hut,
          gnoll_camp_mini_basic, gnoll_camp_mini_basic
D:8:      layout_basic, nicolae_dithmenos_shadow_blocks,
          trog_three_pillars_becter, kennysheep_generic_room_6
Temple:   hellmonk_temple_of_storms

Skill      XL: |  1  2  3  4  5  6  7  8  9 10 |
---------------+-------------------------------+-----
Spellcasting   | 3 5 6 7 8 |  8.4
Ice Magic      | 5 7 8 |  8.9
Fighting       | 1 |  1.5
Dodging        | 3 |  3.8
Evocations     | 2 3 |  3.5
Conjurations   | 4 8 |  8.1
Necromancy     | 3 |  3.0
Stealth        | |  1.4

Action                   |  1- 3 |  4- 6 |  7- 9 | 10-12 || total
-------------------------+-------+-------+-------+-------++-------
Melee: Unarmed           |     9 |       |       |       ||     9
       Quarterstaff      |       |       |     1 |     7 ||     8
 Cast: Freeze            |    18 |     7 |    48 |     4 ||    77
       Frozen Ramparts   |       |     2 |    24 |     5 ||    31
       Hailstorm         |       |       |    19 |     6 ||    25
Evoke: Wand              |       |       |     8 |     1 ||     9
  Use: Scroll            |     2 |     2 |     4 |       ||     8
       Potion            |     1 |     2 |       |       ||     3
Armor: Robe              |     1 |     1 |    13 |       ||    15
       Skin              |       |     2 |       |       ||     2
Dodge: Dodged            |     8 |     1 |    49 |     7 ||    65
